 Dungeon Crawl Stone Soup version 0.29-a0-304-gb34f9e133a (webtiles) character file.

Game seed: 7506075043442217188

1369 Bnni the Cudgeller (level 8, -5/97 HPs)
             Began as a Demonspawn Fighter on Mar 26, 2022.
             Was a Priest of Trog.
             Slain by a two-headed ogre
             ... wielding a +0 dire flail
              (19 damage)
             ... on level 6 of the Dungeon.
             The game lasted 00:12:04 (5423 turns).

Bnni the Cudgeller (Demonspawn Fighter)             Turns: 5423, Time: 00:12:05

Health: -5/97      AC:  7    Str: 18    XL:     8   Next: 38%
Magic:  8/8        EV: 10    Int: 11    God:    Trog [***...]
Gold:   326        SH:  6    Dex: 17    Spells: 7/7 levels left

rFire   . . .      SeeInvis .   a - +1 flail
rCold   . . .      Faith    +   c - +1 buckler
rNeg    + . .      Spirit   .   k - +1 ring mail of Damp Creativity {+Blink rN+ Dex+3}
rPois   .          Reflect  .   (no helmet)
rElec   .          Harm     .   (no cloak)
rCorr   .          Rampage  .   j - +0 pair of gloves
Will    .....                   (no boots)
Stlth   ..........              o - amulet of faith
HPRegen 0.26/turn               (no ring)
MPRegen 0.11/turn               (no ring)

@: berserking (expiring), marked, slowed
A: thin skeletal structure 1, ignite blood 2, demonic touch 1
a: Renounce Religion, Evoke Blink, Berserk, Trog's Hand


You were on level 6 of the Dungeon.
You worshipped Trog.
Trog was most pleased with you.
You visited 2 branches of the dungeon, and saw 7 of its levels.

You collected 326 gold pieces.

Inventory:

Hand Weapons
 a - a +1 flail (weapon)
 s - a +0 trident
Armour
 c - a +1 buckler (worn)
 j - a +0 pair of gloves (worn)
 k - the +1 ring mail of Damp Creativity (worn) {+Blink rN+ Dex+3}
   (You found it on level 2 of the Dungeon)

   Dex:       It affects your dexterity (+3).
   rN:        It protects you from negative energy.
   +Blink:    It lets you blink.
 q - a +0 kite shield
Jewellery
 b - an amulet of regeneration
 o - an amulet of faith (around neck)
Wands
 r - a wand of flame (8)
 y - a wand of acid (11)
Scrolls
 h - 2 scrolls of fear
 n - a scroll of identify
 p - 2 scrolls of noise {unknown}
 v - a scroll of enchant weapon
 w - a scroll of amnesia {unknown}
 A - a scroll of torment {unknown}
Potions
 d - 3 potions of might
 e - a potion of brilliance {unknown}
 f - a potion of magic
 g - a potion of attraction
 i - 3 potions of ambrosia
 l - 2 potions of curing
 m - a potion of lignification {unknown}
 t - a potion of haste {unknown}
 u - 2 potions of heal wounds {unknown}
 x - a potion of resistance {unknown}
 z - a potion of berserk rage {unknown}


   Skills:
 + Level 6.9 Fighting
 * Level 7.7 Maces & Flails
 - Level 2.6 Armour
 - Level 0.1 Dodging
 - Level 2.6 Shields


You had 7 spell levels left.
You didn't know any spells.
Your spell library was empty.

Dungeon Overview and Level Annotations

Branches:
Dungeon (6/15)             Temple (1/1) D:4

Altars:
Ashenzari
Cheibriados
Dithmenos
Fedhas
Gozag
Hepliaklqana
Kikubaaqudgha
Makhleb
Okawaru
Qazlal
Sif Muna
Trog
Uskayaw
Vehumet
Wu Jian
Xom
Yredelemnul
Zin
The Shining One

Shops:
D:3 *   D:5 =


Innate Abilities, Weirdness & Mutations

You have a somewhat thin skeletal structure. (Dex +2, Stealth+)
Your demonic aura often causes spilled blood to erupt in flames.
Your touch may inflict minor irresistible damage on your foes.


Message History

A two-headed ogre comes into view.
It is wielding a +0 dire flail and a +0 giant club.
You block the hornet's attack.
You completely miss the hornet.
The hornet is lightly wounded.
You block the hornet's attack.
You sock the hornet!
The hornet is moderately wounded.
The hornet stings you!
You feel yourself slow down. The hornet closely misses you.
You hit the hornet but do no damage.
The hornet is moderately wounded.
You feel yourself speed up. You block the hornet's attack.
The hornet stings you!
You feel yourself slow down. The hornet stings you.
You feel as though you will be slow longer.
You hit the hornet but do no damage.
The hornet is moderately wounded.
The hornet closely misses you. The hornet barely misses you.
A red film seems to cover your vision as you go berserk!
You feel yourself moving faster!
You feel mighty! The hornet stings you!
You feel as though you will be slow longer.
You block the hornet's attack. The two-headed ogre barely misses you.
The two-headed ogre hits you with a +0 giant club!
You hit the hornet but do no damage.
The hornet is moderately wounded.
You block the hornet's attack.
A jelly comes into view.
An iguana comes into view.
The hornet stings you!
You feel as though you will be slow longer.
The two-headed ogre hits you with a +0 dire flail!
* * * LOW HITPOINT WARNING * * *
You block the two-headed ogre's attack.
Okay, then.
You are too berserk!
Unknown command.
You feel a strong urge to attack something.
A centaur comes into view. It is quivering poisoned darts.
You barely miss the two-headed ogre.
The two-headed ogre hits you with a +0 dire flail!!
You die...

### ....# #.## ..P.#
...# ..P.# ...#
..P.# ...# ..P.#
...# ### ....# ...#
###.########....#
..####....#...yO@..#
..#.......#....###.#
........llJ...## #
..........c....#
..≈.≈..........#
.≈.≈.≈.........#
.#...#...........
.#.≈.#............
.#...#..............


You could see a two-headed ogre, a hornet, a centaur, an iguana and a jelly.

Vanquished Creatures
  A water moccasin (D:4)
  An orc warrior (D:5)
  An ice beast (D:5)
  A black bear (D:3)
  A centaur (D:5)
  A phantom (D:3)
  4 scorpions
  A howler monkey (D:5)
  A jelly (D:5)
  4 hounds
  2 orc priests
  5 iguanas
  Jessica (D:2)
  An orc wizard (D:5)
  7 adders
  An ufetubus (D:5)
  2 dart slugs (D:3)
  12 orcs
  5 ball pythons
  7 bats
  2 endoplasms (D:4)
  A giant cockroach (D:3)
  12 goblins
  9 hobgoblins
  10 kobolds
  A quokka (D:1)
  2 frilled lizards
  2 rats
98 creatures vanquished.

Notes
Turn   | Place    | Note
-------+----------+-------------------------------------------
     0 | D:1      | Bnni the Demonspawn Fighter began the quest for the Orb.
     0 | D:1      | Reached XP level 1. HP: 18/18 MP: 1/1
   373 | D:1      | Gained mutation: Your demonic aura sometimes causes spilled
                  | blood to erupt in flames. [demonic ancestry]
   373 | D:1      | Reached XP level 2. HP: 22/24 MP: 2/2
  1034 | D:2      | Reached skill level 2 in Maces & Flails
  1255 | D:2      | Found a faded altar of an unknown god.
  1392 | D:2      | Prayed at the altar of an unknown god.
  1392 | D:2      | Became a worshipper of Trog the Wrathful
  1392 | D:2      | Reached * piety under Trog
  1395 | D:2      | Noticed Jessica
  1417 | D:2      | Killed Jessica
  1418 | D:2      | Reached XP level 3. HP: 10/30 MP: 3/3
  1651 | D:2      | Identified the +1 ring mail of Damp Creativity {+Blink rN+
                  | Dex+3}
  2124 | D:3      | Found Zun Ucug's Assorted Antiques.
  2132 | D:3      | Noticed a black bear
  2139 | D:3      | Reached skill level 3 in Maces & Flails
  2139 | D:3      | Reached XP level 4. HP: 36/37 MP: 4/4
  2140 | D:3      | Killed a black bear
  2141 | D:3      | Gained mutation: You have a somewhat thin skeletal
                  | structure. (Dex +2, Stealth+) [demonic ancestry]
  2141 | D:3      | Reached XP level 5. HP: 43/43 MP: 5/5
  2299 | D:3      | Noticed a phantom
  2316 | D:3      | Killed a phantom
  2317 | D:3      | Reached skill level 4 in Maces & Flails
  2449 | D:3      | Gained mutation: Your demonic aura often causes spilled
                  | blood to erupt in flames. [demonic ancestry]
  2449 | D:3      | Reached XP level 6. HP: 50/50 MP: 6/6
  2778 | D:3      | Reached ** piety under Trog
  2992 | D:4      | Noticed a water moccasin
  2997 | D:4      | Killed a water moccasin
  2998 | D:4      | Reached skill level 5 in Fighting
  2998 | D:4      | Reached skill level 5 in Maces & Flails
  3034 | D:4      | Found a staircase to the Ecumenical Temple.
  3070 | Temple   | Entered the Ecumenical Temple
  3501 | D:4      | Gained mutation: Your touch may inflict minor irresistible
                  | damage on your foes. [demonic ancestry]
  3501 | D:4      | Reached XP level 7. HP: 47/56 MP: 7/7
  3680 | D:4      | Reached skill level 6 in Maces & Flails
  4097 | D:5      | Entered Level 5 of the Dungeon
  4442 | D:5      | Identified the +1 ring mail of Absolutism {Rampage}
  4567 | D:5      | Reached *** piety under Trog
  4610 | D:5      | Reached skill level 7 in Maces & Flails
  4610 | D:5      | Reached XP level 8. HP: 65/65 MP: 8/8
  4766 | D:5      | Found Darago Qups's Jewellery Boutique.
  5403 | D:6      | Noticed a hornet
  5414 | D:6      | Noticed a two-headed ogre
  5423 | D:6      | Slain by a two-headed ogre

Illustrated notes

Levels and vault maps discovered:
D:1:      lightli_iron_boxes, layout_basic
D:2:      layout_loops_corners, ebering_ecumenical_altar_sacrificial,
          minmay_misc_feat_room, uniq_jessica
D:3:      layout_rooms, serial_shops, shop, minmay_goblin_outpost
D:4:      layout_rooms, minmay_temple_entry_antechambers
D:5:      layout_basic, serial_shops, shop, serial_park_tiny_2
D:6:      layout_cave_pools, nicolae_ru_path_of_blood,
          mainiacjoe_overflow_boulevard, minmay_door_square, uniq_blork_the_orc,
          uniq_crazy_yiuf_cottage
Temple:   mainiacjoe_temple_bowtie_tessellation

Skill      XL: |  1  2  3  4  5  6  7 |
---------------+----------------------+-----
Maces & Flails | 2 3 4 5 7 |  7.7
Fighting       | 4 5 6 |  6.9
Armour         | |  2.6
Dodging        | |  0.1
Shields        | |  2.6

Action                   |  1- 3 |  4- 6 |  7- 9 || total
-------------------------+-------+-------+-------++-------
Melee: Flail             |    90 |   113 |   122 ||   325
Invok: Berserk           |     1 |     1 |     2 ||     4
  Use: Scroll            |       |     8 |       ||     8
 Stab: Sleeping          |       |     2 |     3 ||     5
Armor: Scale mail        |    62 |       |       ||    62
       Ring mail         |     6 |    52 |    37 ||    95
Dodge: Dodged            |    52 |    59 |    59 ||   170
Block: Buckler           |    33 |    42 |    44 ||   119

Table legend: (Time is in decaauts)
 A = Elapsed time spent in this place.
 B = Non-inter-level travel time spent in this place.
 C = Inter-level travel time spent in this place.
 D = Time resting spent in this place.
 E = Time spent auto-exploring this place.
 F = Levels seen in this place.
 G = Mean time per level.
                   A        B        C        D        E       F      G
               +--------+--------+--------+--------+--------+-----+--------+
         Total |   5527 |   5428 |     99 |    156 |   4330 |   7 |  789.6 |
       Dungeon |   5244 |   5173 |     71 |    156 |   4088 |   6 |  874.0 |
        Temple |    283 |    255 |     28 |      0 |    242 |   1 |  283.0 |
               +--------+--------+--------+--------+--------+-----+--------+

Top non-repeatable levels by time:
     D:5: 1254 daAuts
     D:2: 1199 daAuts
     D:1: 957 daAuts
     D:3: 911 daAuts
     D:4: 833 daAuts
  Temple: 283 daAuts
     D:6: 88 daAuts
